 Dungeon Crawl Stone Soup version 0.30-a0-165-g1891117ce2 (webtiles) character file.

Game seed: 686606093025358170

148 qw the Chopper (level 5, -7/32 HPs)
             Began as a Gargoyle Fighter on Sept 28, 2022.
             Mangled by Sigmund
             ... wielding a +0 scythe
              (9 damage)
             ... on level 4 of the Dungeon.
             The game lasted 00:00:58 (2019 turns).

qw the Chopper (Gargoyle Fighter)                   Turns: 2019, Time: 00:00:58

Health: -7/32      AC: 10    Str: 22    XL:     5   Next: 30%
Magic:  5/5        EV:  9    Int:  8    God:
Gold:   114        SH:  4    Dex:  9    Spells: 4/4 levels left

rFire   . . .      SeeInvis .    Y - +0 war axe
rCold   . . .      Faith    .    c - +0 buckler
rNeg    + . .      Spirit   .    b - +0 scale mail
rPois   inf        Reflect  .    (no helmet)
rElec   +          Harm     .    (no cloak)
rCorr   .          Rampage  .    (no gloves)
Will    .....                    (no boots)
Stlth   ..........               (no amulet)
HPRegen 0.10/turn                (no ring)
MPRegen 0.09/turn                (no ring)

@: no status effects
A: sickness immunity, AC +4, negative energy resistance 1, electricity
resistance, torment resistance 1, petrification resistance
a: no special abilities


You were on level 4 of the Dungeon.
You visited 1 branch of the dungeon, and saw 3 of its levels.

You collected 114 gold pieces.


Innate Abilities, Weirdness & Mutations

You are immune to sickness and miasma.
Your stone body is resilient. (AC +4)
You are immune to poison.
You resist negative energy. (rN+)
You are resistant to electric shocks. (rElec)
You are resistant to unholy torment.
You are immune to petrification.


   Skills:
 - Level 3.2 Fighting
 + Level 4.8 Axes
 - Level 3.2 Armour
 - Level 3.2 Shields


You had 4 spell levels left.
You didn't know any spells.
Your spell library was empty.

Inventory:

Hand Weapons
 f - a +0 whip
 Y - a +0 war axe (weapon)
Armour
 a - a +0 chain mail
 b - a +0 scale mail (worn)
 c - a +0 buckler (worn)
 n - a +0 helmet
 s - a +0 pair of boots
 t - a +0 plate armour
Scrolls
 i - a scroll of silence {unknown}
 k - 2 scrolls of brand weapon {unknown}
 m - 2 scrolls of identify {unknown}
 o - a scroll of fear {unknown}
 p - a scroll of poison {unknown}
 q - a scroll of vulnerability {unknown}
 u - a scroll of fog {unknown}
 v - a scroll of teleportation {unknown}
 w - a scroll of blinking {unknown}
Potions
 d - 2 potions of might
 e - 3 potions of curing {unknown}
 g - a potion of invisibility {unknown}
 h - a potion of attraction {unknown}
 j - a potion of heal wounds {unknown}
 l - a potion of mutation {unknown}
 r - a potion of resistance {unknown}

Dungeon Overview and Level Annotations

Branches:
Dungeon (2/15)

Altars:
Vehumet
Xom
Zin

Annotations:
D:4 Sigmund


Message History

Found a stone staircase leading down.
Found a radiant altar of Vehumet.
Found a glowing silver altar of Zin.
Found a stone staircase leading down.
Sigmund the Dreaded comes into view.
He is wielding a +0 scythe.
2006 ||| Stepping ~*~*~tactically~*~*~ (hiding).
You start waiting.
Sigmund is nearby!
Sigmund hits you with a +0 scythe.
You slash Sigmund!
Sigmund is moderately wounded.
Sigmund casts a spell at you. The magic dart hits you!
You barely miss Sigmund.
Sigmund is moderately wounded.
Sigmund barely misses you.
You barely miss Sigmund.
Sigmund is moderately wounded.
Sigmund gestures at you while chanting. The puff of flame hits you.
You closely miss Sigmund.
Sigmund is moderately wounded.
Sigmund gestures wildly while chanting.
Sigmund flickers and vanishes!
Deactivating autopickup; reactivate with Ctrl-A.
You miss something.
You hear some strange, mumbled words.
Something tries to affect you, but you resist.
Something hits you!
You slash something!
You hear some strange, mumbled words.
A magic dart appears from out of thin air!
The magic dart hits you.
You closely miss something. Something hits you.
You barely miss something. Something hits you.
You closely miss something. You barely miss something. Something hits you!
You die...

.... #...##8...8##......
... #...##$....##......
. .. #_....._#...... ..
.. #.....###..... ... #.
#8...8##...#.. ....##.
##>## #..##.. .......
#########......
#..{###......###..[..
#..@.#....#..##..%.)
#...................
.......................
#..#.#..................
#. ###.>................
. #..............##...
#...##...............
##.. #.......).......
... ..............##


There were no monsters in sight!

Vanquished Creatures
  A hound (D:4)
  Natasha (D:2)
  Robin (D:2)
  An adder (D:2)
  A ball python (D:4)
  7 endoplasms
  A giant cockroach (D:1)
  16 goblins
  14 hobgoblins
  3 jackals (D:1)
  6 kobolds (D:1)
  2 quokkas
  5 bats
  4 frilled lizards
  2 rats
65 creatures vanquished.

Notes
Turn   | Place    | Note
-------+----------+-------------------------------------------
     0 | D:1      | qw the Gargoyle Fighter began the quest for the Orb.
     0 | D:1      | Reached XP level 1. HP: 14/14 MP: 1/1
     0 | D:1      | 0 ||| qw: Version: 0.2-a-12-gaebbb33
     0 | D:1      | 0 ||| qw: Game counter: 800
     0 | D:1      | 0 ||| qw: Always use a shield: true
     0 | D:1      | 0 ||| qw: God list: Okawaru
     0 | D:1      | 0 ||| qw: Allow faded altars: false
     0 | D:1      | 0 ||| qw: Do Orc after D:15 true
     0 | D:1      | 0 ||| qw: Do second Lair branch before Depths: true
     0 | D:1      | 0 ||| qw: Lair rune preference: random
     0 | D:1      | 0 ||| qw: Plans: Normal, Zot:1-4, God:TSO, Crypt, Tomb,
                  | Pan, Slime:5, Hells, Abyss, Orb
     0 | D:1      | 0 ||| PLANNING D:1-11
    34 | D:1      | 34 ||| Stepping ~*~*~tactically~*~*~ (stealth).
    38 | D:1      | 38 ||| Stepping ~*~*~tactically~*~*~ (stealth).
    45 | D:1      | Reached skill level 2 in Axes
    60 | D:1      | 60 ||| Stepping ~*~*~tactically~*~*~ (stealth).
    65 | D:1      | 65 ||| Stepping ~*~*~tactically~*~*~ (stealth).
    66 | D:1      | 66 ||| Stepping ~*~*~tactically~*~*~ (stealth).
    68 | D:1      | 68 ||| Stepping ~*~*~tactically~*~*~ (stealth).
    74 | D:1      | 74 ||| Stepping ~*~*~tactically~*~*~ (stealth).
    97 | D:1      | Reached XP level 2. HP: 16/19 MP: 2/2
   266 | D:1      | Reached skill level 3 in Axes
   499 | D:1      | Reached XP level 3. HP: 23/23 MP: 3/3
   527 | D:1      | 527 ||| Stepping ~*~*~tactically~*~*~ (stealth).
   639 | D:1      | 639 ||| DROPPING orb of guile.
   640 | D:1      | 640 ||| READING scroll labelled IJOUPR COIX.
   666 | D:2      | 666 ||| STAIRDANCE
   835 | D:2      | 835 ||| Stepping ~*~*~tactically~*~*~ (stealth).
   840 | D:2      | 840 ||| Stepping ~*~*~tactically~*~*~ (stealth).
   840 | D:2      | Noticed Robin
   841 | D:2      | 841 ||| Stepping ~*~*~tactically~*~*~ (hiding).
   855 | D:2      | Killed Robin
   856 | D:2      | HP: 4/23 [goblin/+0 club[Robin] (5)]
   858 | D:2      | Reached XP level 4. HP: 6/28 MP: 4/4
   861 | D:2      | HP: 4/28 [goblin/+0 club[Robin] (1)]
   932 | D:2      | 932 ||| Stepping ~*~*~tactically~*~*~ (stealth).
   933 | D:2      | 933 ||| Stepping ~*~*~tactically~*~*~ (stealth).
   945 | D:2      | 945 ||| FLEEEEING.
   946 | D:2      | 946 ||| FLEEEEING.
   947 | D:2      | 947 ||| FLEEEEING.
   949 | D:2      | 949 ||| FLEEEEING.
   951 | D:2      | 951 ||| FLEEEEING.
   956 | D:2      | 956 ||| FLEEEEING.
   957 | D:2      | 957 ||| FLEEEEING.
   958 | D:2      | 958 ||| FLEEEEING.
   959 | D:2      | 959 ||| FLEEEEING.
   960 | D:2      | 960 ||| Stepping ~*~*~tactically~*~*~ (stealth).
   961 | D:2      | 961 ||| FLEEEEING.
   962 | D:2      | 962 ||| Stepping ~*~*~tactically~*~*~ (stealth).
  1201 | D:2      | Reached skill level 4 in Axes
  1304 | D:2      | Noticed Natasha
  1305 | D:2      | 1305 ||| Stepping ~*~*~tactically~*~*~ (hiding).
  1306 | D:2      | 1306 ||| Stepping ~*~*~tactically~*~*~ (hiding).
  1310 | D:2      | HP: 5/28 [Natasha (11)]
  1312 | D:2      | HP: 2/28 [Natasha/magic dart (3)]
  1313 | D:2      | Killed Natasha
  1639 | D:2      | Found a glowing silver altar of Zin.
  1667 | D:2      | You fall into a shaft and drop 2 floors!
  1684 | D:4      | Found a shimmering altar of Xom.
  1716 | D:4      | Reached XP level 5. HP: 29/32 MP: 5/5
  1878 | D:4      | Noticed a +0 falchion
  1878 | D:4      | Noticed a +0 spear
  1878 | D:4      | Noticed a +0 falchion
  1879 | D:4      | Noticed a +0 dagger
  1879 | D:4      | Noticed a +0 spear
  1880 | D:4      | Noticed a +0 dagger
  1880 | D:4      | Noticed a +0 short sword
  1882 | D:4      | Noticed a +0 short sword
  1994 | D:4      | Found a radiant altar of Vehumet.
  1998 | D:4      | Found a glowing silver altar of Zin.
  2005 | D:4      | Noticed Sigmund
  2006 | D:4      | 2006 ||| Stepping ~*~*~tactically~*~*~ (hiding).
  2014 | D:4      | HP: 7/32 [something (10)]
  2016 | D:4      | HP: 3/32 [something (3)]
  2019 | D:4      | Mangled by Sigmund

Levels and vault maps discovered:
D:1:      lightli_iron_boxes, layout_rooms
D:2:      layout_basic, basic_altar, minmay_misc_feat_columns, uniq_natasha,
          uniq_crazy_yiuf_cottage, uniq_robin
D:4:      layout_cave_pools, nicolae_overflow_hidden_temple,
          nicolae_uskayaw_en_pointe, skrybe_limestone_x, uniq_sigmund,
          uniq_blork_the_orc

Skill      XL: |  1  2  3  4 |
---------------+-------------+-----
Axes           | 2 3 4 |  4.8
Fighting       | |  3.2
Armour         | |  3.2
Shields        | |  3.2

Action                   |  1- 3 |  4- 6 || total
-------------------------+-------+-------++-------
Melee: War axe           |   105 |    79 ||   184
  Use: Scroll            |     1 |       ||     1
Armor: Scale mail        |    66 |    38 ||   104
Dodge: Dodged            |    56 |    27 ||    83
Block: Buckler           |    22 |     5 ||    27

Table legend:
 A = Non-vault XP
 B = Vault XP
 C = Vault XP percentage of total XP
 D = Non-vault monster count
 E = Vault monster count
 F = Vault count percentage of total count
                 A         B        C        D         E       F
            +---------+---------+-------+---------+---------+-------
      Total |     140 |      72 |  34.0 |      51 |      14 |  21.5
            +---------+---------+-------+---------+---------+-------
        D:1 |      44 |       0 |   0.0 |      27 |       0 |   0.0
        D:2 |      34 |      72 |  67.9 |      13 |      14 |  51.9
        D:4 |      62 |       0 |   0.0 |      11 |       0 |   0.0
            +---------+---------+-------+---------+---------+-------
